 Dungeon Crawl Stone Soup version 0.19-a0-1254-gb9c29c0 (webtiles) character file.

3311 IVIUSE the Basher (level 9, -1/94 HPs)
             Began as a Demonspawn Berserker on Aug 27, 2016.
             Was a High Priest of Trog.
             Slain by an orc warrior
             ... wielding a +0 scimitar
              (11 damage)
             ... on level 8 of the Dungeon on Aug 28, 2016.
             The game lasted 00:42:23 (9219 turns).

IVIUSE the Basher (Demonspawn Berserker)            Turns: 9219, Time: 00:42:24

Health: -1/94      AC: 24    Str: 21    XL:     9   Next: 70%
Magic:  0/9        EV:  2    Int: 11    God:    Trog [*****.]
Gold:   359        SH:  0    Dex: 12    Spells: 0 memorised, 8 levels left

rFire  . . .     SeeInvis .     a - +0 mace
rCold  . . .     Gourm    .     (armour currently unavailable)
rNeg   + + +     Faith    .     (no shield)
rPois  +         Spirit   +     (helmet currently unavailable)
rElec  .         Dismiss  .     (cloak currently unavailable)
rCorr  .         Reflect  .     (gloves currently unavailable)
MR     ++...     Harm     .     (boots currently unavailable)
Stlth  ++........ NoTele   +    (no amulet)
                                y - ring of flight
                                v - ring of poison resistance

@: tree-form, very slightly contaminated, regenerating, drained
A: (talons 0), clever 1, magic shield, rot immunity, (sanguine armour 0)
a: Berserk, Trog's Hand, Brothers in Arms, Burn Spellbooks, Renounce Religion


You were on level 8 of the Dungeon.
You worshipped Trog.
Trog was extremely pleased with you.
You were not hungry.
You were a tree.
You visited 1 branch of the dungeon, and saw 8 of its levels.
You also visited: Ossuary.

You collected 359 gold pieces.

Inventory:

Hand Weapons
 a - a +0 mace (weapon)
Armour
 b - a +0 animal skin
 o - a +1 plate armour (melded)
 q - a +0 chain mail
 r - a +0 pair of boots (melded)
 w - a +0 cloak (melded)
 F - a +0 pair of gloves (melded)
 I - a +0 pair of gloves
Jewellery
 i - an uncursed ring of protection from fire
 k - an uncursed ring of fire {unknown}
 n - a cursed ring of teleportation
 v - a ring of poison resistance (left branch)
 y - a ring of flight (right branch)
 C - a +5 ring of dexterity {unknown}
 K - a +4 ring of intelligence {unknown}
Wands
 g - a wand of digging (3/24)
 p - a wand of iceblast (6/15)
 s - a wand of polymorph (16/24)
 E - a wand of polymorph (16/24)
 J - a wand of lightning (6/15)
Scrolls
 d - 3 scrolls of magic mapping
 e - 3 scrolls of identify
 h - 2 scrolls of fog
 j - 3 scrolls of remove curse
 m - 3 scrolls of teleportation
Potions
 c - 2 potions of curing
 z - a potion of haste
 A - a potion of flight
 H - a potion of brilliance


   Skills:
 - Level 3.0(2.7) Fighting
 + Level 12.5(12.2) Maces & Flails
 - Level 1.7(1.5) Armour
 - Level 1.7(1.5) Dodging
 - Level 1.1(0.8) Stealth


You had 8 spell levels left.
You didn't know any spells.

Dungeon Overview and Level Annotations

Branches:
Dungeon (8/15)             Temple (0/1) D:6            Lair (0/6) D:8

Altars:
Okawaru

Shops:
D:7 !


Innate Abilities, Weirdness & Mutations

((You have razor-sharp toenails.))
When hurt, damage is shared between your health and your magic reserves.
You are immune to rotting.
((When seriously injured, your bleeding wounds create armour. (AC +0)))
Your mind is acute. (Int +2)


Message History

Deactivating autopickup; reactivate with Ctrl-A.
The orc priest calls down the wrath of Beogh upon you.
Beogh smites you!
* * * LOW HITPOINT WARNING * * *
You open the door.
The orc priest mumbles some strange prayers to Beogh against you.
Beogh smites you!
* * * LOW HITPOINT WARNING * * *
There is an open door here.
Found an orange potion.
It was a potion of lignification.
You turn into a tree.
Your +0 cloak melds into your body.
Your +0 pair of gloves melds into your body.
Your +0 pair of boots melds into your body.
Your +1 plate armour melds into your body.
Your roots penetrate the ground.
Your blood armour dries and flakes away.
You completely miss the orc warrior.
The orc warrior hits you with a scimitar!
You die...

######## ###......#
!........#
.........##+#####.
.......♣o'o.......
.........#........
...#+#####........ .
#..............
#######.....o........
..
#....########.....##.
.>. #....#.....
#.....#
....#...<#.....
#.......
....###'##.....
#........


You could see an orc warrior and an orc priest.

Vanquished Creatures
  The ghost of neil the Slasher, a novice HaBe of Trog (D:5)
  Sigmund (D:2)
  A wraith (Ossuary)
  A basilisk (D:8)
  A hippogriff (D:8)
  A porcupine (D:7)
  An orc warrior (D:6)
  2 phantoms
  3 ogres
  2 crocodiles (D:8)
  2 centaurs (D:6)
  2 giant frogs
  3 scorpions
  A wight (D:8)
  4 howler monkeys
  3 crimson imps
  A wasp zombie (D:8)
  4 hounds
  A gnoll shaman (D:7)
  A jelly (D:6)
  8 orc wizards
  3 giant frog skeletons
  2 iguanas (D:8)
  4 worker ants
  A mummy (Ossuary)
  2 worker ant zombies
  4 gnolls (D:7)
  6 adders
  A howler monkey skeleton (D:4)
  A river rat (D:8)
  3 shadow imps
  2 oozes (D:2)
  2 adder skeletons
  5 worms
  A dart slug (D:1)
  A giant gecko (D:7)
  29 orcs
  7 bats
  5 giant cockroaches
  9 goblins
  8 hobgoblins
  10 jackals
  2 quokkas
  2 ball pythons (D:1)
  A giant gecko zombie (D:5)
  6 giant newts
  4 gnoll skeletons (Ossuary)
  9 kobolds
  7 kobold skeletons (Ossuary)
  14 orc skeletons (Ossuary)
  9 rats
204 creatures vanquished.

Vanquished Creatures (others)
  A plant (D:8)
1 creature vanquished.

Grand Total: 205 creatures vanquished

Notes
Turn   | Place    | Note
-------+----------+-------------------------------------------
     0 | D:1      | IVIUSE the Demonspawn Berserker began the quest for the Orb.
     0 | D:1      | Reached XP level 1. HP: 18/18 MP: 1/1
    85 | D:1      | Reached skill level 3 in Maces & Flails
   323 | D:1      | Gained mutation: You have sharp toenails. [demonic ancestry]
   323 | D:1      | Reached XP level 2. HP: 15/24 MP: 2/2
  1233 | D:2      | Reached ** piety under Trog
  1267 | D:2      | Gained mutation: When seriously injured, your bleeding wounds create armour. (AC +0) [demonic ancestry]
  1267 | D:2      | Reached XP level 3. HP: 13/29 MP: 3/3
  1382 | D:2      | Reached skill level 4 in Maces & Flails
  1907 | D:2      | Reached XP level 4. HP: 23/35 MP: 4/4
  1979 | D:2      | Noticed Sigmund
  1996 | D:2      | Killed Sigmund
  1996 | D:2      | Reached skill level 6 in Maces & Flails
  1996 | D:2      | Gained mutation: You are immune to rotting. [demonic ancestry]
  1996 | D:2      | Reached XP level 5. HP: 37/41 MP: 5/5
  2612 | D:3      | Reached XP level 6. HP: 39/47 MP: 6/6
  3956 | D:4      | Reached *** piety under Trog
  4104 | D:4      | Reached skill level 1 in Stealth
  4436 | D:4      | Gained mutation: You evolve. [potion of mutation]
  4436 | D:4      | Gained mutation: Your magical capacity is low. (-10% MP) [potion of mutation]
  4436 | D:4      | Gained mutation: You have razor-sharp toenails. [potion of mutation]
  4439 | D:5      | Entered Level 5 of the Dungeon
  4447 | D:5      | Gained mutation: Your spells are a little harder to cast, but a little more powerful. [evolution]
  4521 | D:5      | Reached skill level 7 in Maces & Flails
  4586 | D:5      | Gained mutation: When hurt, damage is shared between your health and your magic reserves. [demonic ancestry]
  4586 | D:5      | Reached XP level 7. HP: 15/52 MP: 6/6
  4905 | D:5      | Noticed neil's ghost (novice HaBe)
  4927 | D:5      | Killed neil's ghost
  4927 | D:5      | Reached skill level 8 in Maces & Flails
  5268 | D:5      | Gained mutation: You have a pair of small horns on your head. [evolution]
  5268 | D:5      | Lost mutation: You evolve. [end of evolution]
  5327 | D:5      | Reached XP level 8. HP: 46/58 MP: 7/7
  5352 | D:5      | Reached skill level 9 in Maces & Flails
  5671 | D:5      | Found an iron altar of Okawaru.
  5809 | D:6      | Found a staircase to the Ecumenical Temple.
  5871 | D:6      | Reached **** piety under Trog
  5978 | D:6      | Found a sand-covered staircase.
  5983 | Ossuary  | Entered an ossuary
  6363 | Ossuary  | Reached skill level 10 in Maces & Flails
  6388 | Ossuary  | Lost mutation: You have a pair of small horns on your head. [potion of mutation]
  6388 | Ossuary  | Gained mutation: You are robust. (+10% HP) [potion of mutation]
  6445 | D:6      | You fall through a shaft!
  6803 | D:6      | HP: 1/63 [orc warrior/scimitar (5)]
  6890 | D:6      | Reached skill level 11 in Maces & Flails
  6890 | D:6      | Reached XP level 9. HP: 43/69 MP: 6/8
  7301 | D:7      | Found Doheadastra's Distillery.
  8225 | D:7      | Gained mutation: Your mind is acute. (Int +2) [potion of beneficial mutation]
  8236 | D:7      | Lost mutation: Your spells are a little harder to cast, but a little more powerful. [potion of cure mutation]
  8236 | D:7      | Lost mutation: You are robust. (+10% HP) [potion of cure mutation]
  8236 | D:7      | Lost mutation: Your magical capacity is low. (-10% MP) [potion of cure mutation]
  8815 | D:8      | Reached skill level 12 in Maces & Flails
  9083 | D:8      | Reached ***** piety under Trog
  9134 | D:8      | Found a staircase to the Lair.
  9214 | D:8      | HP: 2/63 [orc priest/divine providence (6)]
  9219 | D:8      | Slain by an orc warrior

Vault maps used:
D:1:      dpeg_arrival_prison
D:2:      uniq_sigmund
D:4:      corexii_corridor_pit
D:5:      first_bread, okawaru_altar_gauntlet_db
D:6:      enter_ossuary_5
D:7:      serial_shops, shop
D:8:      minmay_lair_entry_grove
Ossuary:  ossuary_due_mausoleum

Skill      XL: |  1  2  3  4  5  6  7  8  9 |
---------------+----------------------------+-----
Maces & Flails | 3 4 6 7 8 11 12 | 12.5
Stealth        | 1 |  1.1
Fighting       | |  3.0
Armour         | |  1.7
Dodging        | |  1.7

Action                   |  1- 3 |  4- 6 |  7- 9 || total
-------------------------+-------+-------+-------++-------
Melee: Mace              |   110 |   278 |   623 ||  1011
       Kick              |    13 |    41 |       ||    54
       Headbutt          |       |       |    33 ||    33
Invok: Berserk           |     2 |     3 |    11 ||    16
       Trog's Hand       |     2 |       |     4 ||     6
       Burn Spellbooks   |       |     1 |     1 ||     2
  Use: Potion            |       |     7 |    11 ||    18
       Scroll            |       |    10 |     9 ||    19
  Eat: Bread ration      |     1 |       |     2 ||     3
       Meat ration       |     1 |     2 |     2 ||     5
       Royal jelly       |       |     1 |     1 ||     2
       Beef jerky        |       |       |     3 ||     3
Armor: Animal skin       |    19 |    29 |       ||    48
       Chain mail        |       |   105 |   299 ||   404
       Plate armour      |       |       |    79 ||    79
Dodge: Dodged            |    97 |   177 |   221 ||   495
